 Dungeon Crawl Stone Soup version 0.30-a0-365-ge7f957f1db (webtiles) character file.

Game seed: 10647934262431242915

4316 koil the Grappler (level 10, 0/150 HPs)
             Began as a Troll Berserker on Nov 17, 2022.
             Was an Elder of Trog.
             Succumbed to a killer bee's poison
             ... on level 8 of the Dungeon.
             The game lasted 00:19:22 (5492 turns).

koil the Grappler (Troll Berserker)                 Turns: 5492, Time: 00:19:22

Health: 0/150      AC:  5    Str: 31    XL:     10   Next: 11%
Magic:  18/18      EV: 12    Int:  3    God:    Trog [****..]
Gold:   1001       SH:  0    Dex: 11    Spells: 9/9 levels left

rFire   + + .      SeeInvis .      - Unarmed
rCold   + . .      Faith    .    (no shield)
rNeg    . . .      Spirit   .    a - +1 animal skin
rPois   .          Reflect  .    (helmet restricted)
rElec   .          Harm     .    b - scarf {rC+ rF+}
rCorr   .          Rampage  .    (gloves unavailable)
Will    .....                    (boots unavailable)
Stlth   ..........               (no amulet)
HPRegen 1.25/turn                d - ring of Eternal Harmony {Fly MP+9 Dex+2}
MPRegen 0.16/turn                v - ring of protection from fire

@: berserking (expiring), lethally poisoned (0 -> -2), flying, very quick
A: large, unfitting armour, claws 3, regeneration 1, shaggy fur 1, tough skin 1
a: Renounce Religion, Berserk, Trog's Hand, Brothers in Arms


You were on level 8 of the Dungeon.
You worshipped Trog.
Trog was greatly pleased with you.
You visited 2 branches of the dungeon, and saw 9 of its levels.
You also visited: Bailey.

You collected 1001 gold pieces.

Inventory:

Hand Weapons
 t - a +10 battleaxe
Missiles
 f - 7 atropa-tipped darts
 n - 7 poisoned darts
 w - 7 curare-tipped darts (quivered) {!f}
Armour
 a - a +1 animal skin (worn)
 b - a scarf of resistance (worn)
Jewellery
 c - a +6 ring of intelligence
 d - the ring of Eternal Harmony (left claw) {Fly MP+9 Dex+2}
   (You found it on level 6 of the Dungeon)

   [ring of magical power]

   Dex:       It affects your dexterity (+2).
   MP:        It affects your magic capacity (+9).
   Fly:       It grants you flight.
 o - a +6 ring of intelligence
 u - a ring of see invisible
 v - a ring of protection from fire (right claw)
Wands
 e - a wand of iceblast (6)
Scrolls
 h - 2 scrolls of teleportation
 j - 7 scrolls of fear
 m - 2 scrolls of fog
 x - a scroll of blinking
Potions
 g - a potion of mutation
 i - 5 potions of curing
 k - a potion of attraction
 l - 2 potions of haste
 p - a potion of might {unknown}
 q - 2 potions of flight
 r - 2 potions of heal wounds
 s - a potion of magic
 z - 2 potions of ambrosia


   Skills:
 + Level 6.6 Fighting
 + Level 6.0 Armour
 + Level 6.7 Dodging
 + Level 8.0 Unarmed Combat


You had 9 spell levels left.
You didn't know any spells.
Your spell library was empty.

Dungeon Overview and Level Annotations

Branches:
Dungeon (8/15)             Temple (1/1) D:4          Bailey (visited)
   Lair: D:8-11

Altars:
Cheibriados
Dithmenos
Fedhas
Gozag
Hepliaklqana
Kikubaaqudgha
Makhleb
Nemelex Xobeh
Okawaru
Qazlal
Ru
Sif Muna
Trog
Vehumet
Wu Jian
Xom
Yredelemnul
Zin
The Shining One

Shops:
D:4 *


Innate Abilities, Weirdness & Mutations

You are too large for most types of armour.
You have claws for hands.
Your natural rate of healing is unusually fast.
You are covered in fur. (AC +1)
You have tough skin. (AC +1)


Message History

Trog accepts your kill.
* * * LOW HITPOINT WARNING * * *
You feel very sick. The kobold hits you with a +0 whip.
* * * LOW HITPOINT WARNING * * *
The kobold hits you but does no damage.
Your Unarmed Combat skill increases to level 8!
You mangle the kobold!!
You kill the kobold!
Trog accepts your kill.
* * * LOW HITPOINT WARNING * * *
You feel very sick.
You closely miss the killer bee.
* * * LOW HITPOINT WARNING * * *
You feel very sick. The kobold hits you but does no damage.
You scratch the killer bee.
The killer bee is lightly wounded.
* * * LOW HITPOINT WARNING * * *
You feel sick. The killer bee closely misses you.
The killer bee stings you but does no damage.
You miss the killer bee.
The killer bee is lightly wounded.
* * * LOW HITPOINT WARNING * * *
You feel sick. The killer bee stings you.
* * * LOW HITPOINT WARNING * * *
The killer bee barely misses you. The kobold closely misses you.
You mangle the killer bee!!
You feel the power of Trog in you as your rage grows.
You kill the killer bee!
Trog accepts your kill.
* * * LOW HITPOINT WARNING * * *
You feel sick. The killer bee misses you. The killer bee barely misses you.
The kobold barely misses you.
You closely miss the killer bee.
* * * LOW HITPOINT WARNING * * *
You feel sick.
The killer bee stings you but does no damage.
You barely miss the killer bee.
You die...

................# .#
#..........##....#..#
#####............#..#
#..#..##........#.
#...##.###.........
.........###..#.###
..###.........# # ##
......†.####
##...#.†@y..# ...
###)K...... ..
.....##.. . ....###
....## ...... #.#....
###..##


You could see a killer bee and a kobold.

Vanquished Creatures
  An orc warlord (Bailey)
  The ghost of hgbash the Trooper, an amateur MiBe of Trog (D:4)
  A steam dragon (D:6)
  A water moccasin (D:7)
  4 orc warriors (Bailey)
  An ice beast (D:5)
  A black bear (D:5)
  A sky beast (D:6)
  4 ogres
  2 centaurs
  2 phantoms
  2 kobold brigands (D:8)
  A necrophage (D:7)
  2 bullfrogs
  A gnoll sergeant (D:8)
  5 scorpions
  4 wights (D:5)
  5 killer bees (D:8)
  A howler monkey (D:6)
  3 orc priests
  A hound (D:4)
  2 jellies
  A gnoll bouda (D:7)
  An iguana (D:5)
  Jessica (D:3)
  An orc wizard (D:6)
  Robin (D:4)
  6 adders
  11 gnolls
  2 white imps
  An ufetubus (D:6)
  2 worms
  16 orcs
  4 ball pythons (D:4)
  4 endoplasms
  A giant cockroach (D:3)
  24 goblins
  13 hobgoblins
  2 quokkas
  A bat (D:1)
  3 frilled lizards (D:1)
  23 kobolds
  3 rats
167 creatures vanquished.

Notes
Turn   | Place    | Note
-------+----------+-------------------------------------------
     0 | D:1      | koil the Troll Berserker began the quest for the Orb.
     0 | D:1      | Reached XP level 1. HP: 22/22 MP: 0/0
   218 | D:1      | Reached XP level 2. HP: 29/29 MP: 1/1
   514 | D:2      | Found an ornate altar of the Wu Jian Council.
   530 | D:2      | Identified the +6 chain mail of Uptinet {Int+6}
   923 | D:2      | Reached ** piety under Trog
   924 | D:2      | Reached XP level 3. HP: 36/36 MP: 2/2
  1106 | D:2      | Noticed an ogre
  1116 | D:2      | Killed an ogre
  1117 | D:2      | Reached skill level 1 in Armour
  1117 | D:2      | Reached XP level 4. HP: 30/45 MP: 3/3
  1302 | D:3      | Noticed Jessica
  1315 | D:3      | Killed Jessica
  1316 | D:3      | Reached XP level 5. HP: 52/53 MP: 4/4
  1323 | D:3      | You fall into a shaft and drop 1 floor!
  1329 | D:4      | Reached skill level 4 in Unarmed Combat
  1329 | D:4      | Found a runed translucent door.
  1342 | D:4      | Noticed hgbash's ghost (amateur MiBe)
  1360 | D:4      | Killed hgbash's ghost
  1361 | D:4      | Reached XP level 6. HP: 62/62 MP: 5/5
  1437 | D:4      | Found Celeat's CLEARANCE SALE!.
  1478 | D:4      | Found a staircase to the Ecumenical Temple.
  1481 | D:4      | Noticed Robin
  1500 | D:4      | Killed Robin
  1697 | D:4      | Reached XP level 7. HP: 68/68 MP: 6/6
  1949 | D:4      | Reached skill level 5 in Unarmed Combat
  2317 | D:5      | Entered Level 5 of the Dungeon
  2623 | D:5      | Reached *** piety under Trog
  2660 | D:5      | Reached XP level 8. HP: 73/79 MP: 7/7
  2873 | D:5      | HP: 15/75 [wight/+2 spear (4)]
  2878 | D:5      | HP: 19/112 [wight/+2 spear (3)]
  2941 | D:5      | Reached skill level 5 in Dodging
  2941 | D:5      | Reached skill level 6 in Unarmed Combat
  2979 | D:5      | Reached skill level 5 in Fighting
  3157 | Temple   | Entered the Ecumenical Temple
  3429 | D:6      | Reached XP level 9. HP: 82/88 MP: 8/8
  3776 | D:6      | Identified the ring of Eternal Harmony {Fly MP+9 Dex+2}
  4158 | D:7      | Reached skill level 5 in Armour
  4468 | D:7      | Reached skill level 7 in Unarmed Combat
  4841 | D:8      | Found a shimmering blue altar of Sif Muna.
  4862 | D:8      | Found a flagged portal.
  4927 | Bailey   | Entered a bailey
  4932 | Bailey   | Noticed an orc warlord
  5026 | Bailey   | Reached **** piety under Trog
  5051 | Bailey   | Found a runed translucent gate.
  5051 | Bailey   | Found a runed translucent gate.
  5051 | Bailey   | Found a runed translucent gate.
  5359 | Bailey   | Killed an orc warlord
  5360 | Bailey   | Reached XP level 10. HP: 82/100 MP: 9/9
  5394 | Bailey   | Acquired 582 gold pieces
  5481 | D:8      | HP: 29/150 [killer bee (4)]
  5485 | D:8      | HP: 14/150 [poisoned by a killer bee]
  5486 | D:8      | Reached skill level 8 in Unarmed Combat
  5488 | D:8      | HP: 6/150 [poisoned by a killer bee]
  5490 | D:8      | HP: 2/150 [poisoned by a killer bee]
  5492 | D:8      | Succumbed to a killer bee's poison

Illustrated notes

Levels and vault maps discovered:
D:1:      minmay_arrival_nine_rooms, layout_rooms, minmay_misc_feat_plants
D:2:      layout_loops_corners, basic_altar
D:3:      layout_loops_cross, portal_sewer_entry_f, glass_columns_a,
          uniq_crazy_yiuf_cottage, uniq_jessica, uniq_terence
D:4:      cheibrodos_pilgrimage, layout_loops_ring,
          minmay_temple_entry_offerings, ebering_ghost_sewer_d,
          nicolae_shop_clearance, uniq_robin
D:5:      layout_loops_ring
D:6:      layout_basic, minivault_5
D:7:      layout_loops_ring
D:8:      layout_cave_pools, mainiacjoe_overflow_surrounded_room,
          enter_bailey_3, minmay_small_thing
Temple:   nicolae_temple_no_exploring_needed

Skill      XL: |  1  2  3  4  5  6  7  8  9 10 |
---------------+-------------------------------+-----
Fighting       | 3 4 5 6 |  6.6
Armour         | 1 2 3 4 5 6 |  6.0
Dodging        | 3 4 5 6 |  6.7
Unarmed Combat | 4 5 6 7 8 |  8.0

Action                   |  1- 3 |  4- 6 |  7- 9 | 10-12 || total
-------------------------+-------+-------+-------+-------++-------
Melee: Unarmed           |    66 |    76 |   312 |    41 ||   495
       Punch             |     2 |     2 |    14 |       ||    18
Invok: Berserk           |     1 |     4 |     6 |     1 ||    12
       Trog's Hand       |       |     1 |     1 |       ||     2
  Use: Scroll            |       |       |    22 |     1 ||    23
Armor: Animal skin       |    23 |    27 |    81 |    27 ||   158
Dodge: Dodged            |    18 |    50 |   215 |    50 ||   333

Table legend: (Time is in decaauts)
 A = Elapsed time spent in this place.
 B = Non-inter-level travel time spent in this place.
 C = Inter-level travel time spent in this place.
 D = Time resting spent in this place.
 E = Time spent auto-exploring this place.
 F = Levels seen in this place.
 G = Mean time per level.
                   A        B        C        D        E       F      G
               +--------+--------+--------+--------+--------+-----+--------+
         Total |   5527 |   5253 |    274 |    214 |   3658 |  10 |  552.7 |
       Dungeon |   4983 |   4709 |    274 |    132 |   3524 |   8 |  622.9 |
        Temple |     48 |     48 |      0 |      0 |      0 |   1 |   48.0 |
        Bailey |    495 |    495 |      0 |     82 |    134 |   1 |  495.0 |
               +--------+--------+--------+--------+--------+-----+--------+

Top non-repeatable levels by time:
     D:4: 1083 daAuts
     D:5: 855 daAuts
     D:6: 827 daAuts
     D:2: 827 daAuts
     D:7: 636 daAuts
  Bailey: 495 daAuts
     D:1: 475 daAuts
     D:8: 247 daAuts
  Temple: 48 daAuts
     D:3: 29 daAuts
